 Dungeon Crawl Stone Soup version 0.20.1-1-g8b1a95d (webtiles) character file.

33 darkhara the Charmwright (level 3, -4/29 HPs)
             Began as a Centaur Skald on Sept 7, 2017.
             Slain by an adder (5 damage)
             ... on level 2 of the Dungeon.
             The game lasted 00:04:35 (780 turns).

darkhara the Charmwright (Centaur Skald)             Turns: 780, Time: 00:04:36

Health: -4/29      AC:  6    Str: 14    XL:     3   Next: 12%
Magic:  5/5        EV:  9    Int: 12    God:
Gold:   18         SH:  0    Dex:  8    Spells: 4/5 levels left

rFire    + . .     SeeInvis .   j - +0 falchion
rCold    . . .     Gourm    .   (no shield)
rNeg     . . .     Faith    .   e - +2 leather armour {rF+}
rPois    .         Spirit   .   (no helmet)
rElec    .         Reflect  .   (no cloak)
rCorr    .         Harm     .   (no gloves)
MR       .....                  (no barding)
Stlth    ..........             (no amulet)
Regen    0.1/turn               (no ring)
MPRegen  0.1/turn               (no ring)

@: lethally poisoned (-4 -> -7), very quick
A: hooves 3, deformed body, speed 2, tough skin 3
a: no special abilities


You were on level 2 of the Dungeon.
You were not hungry.

You visited 1 branch of the dungeon, and saw 2 of its levels.

You collected 18 gold pieces.

Inventory:

Hand Weapons
 a - a +0 falchion
 j - a +0 falchion (weapon)
 k - a +0 dagger
Armour
 b - a +0 leather armour
 e - a +2 leather armour of fire resistance (worn)
Scrolls
 f - 2 scrolls of identify {unknown}
 g - a scroll of teleportation {unknown}
 h - a scroll of blinking {unknown}
 i - a scroll of fear {unknown}
Potions
 l - a potion of mutation {unknown}
Books
 c - a book of Battle

   Spells                             Type                      Level
   a - Infusion                       Charms                       1
   b - Shroud of Golubria             Charms/Translocation         2
   c - Song of Slaying                Charms                       2
   d - Spectral Weapon                Hexes/Charms                 3
   e - Regeneration                   Charms/Necromancy            3
Comestibles
 d - a bread ration


   Skills:
 + Level 2.2 Fighting
 + Level 2.2 Long Blades
 + Level 0.8 Armour
 + Level 1.3 Dodging
 + Level 1.8 Spellcasting
 + Level 3.1 Charms


You had 4 spell levels left.
You knew the following spells:

 Your Spells              Type           Power        Failure   Level  Hunger
a - Infusion              Chrm           #...         10%         1    ##.....


Dungeon Overview and Level Annotations

Branches:
Dungeon (2/15)

Altars:


Innate Abilities, Weirdness & Mutations

You have hooves in place of feet.
Armour fits poorly on your strangely shaped body.
You cover ground very quickly.
You have extremely tough skin. (AC +3)


Message History

The adder is moderately wounded.
You feel sick. The adder completely misses you. The adder bites you.
* * * LOW HITPOINT WARNING * * *
You hit the adder.
The adder is severely wounded.
You feel sick. The adder bites you but does no damage.
You barely miss the adder.
The adder is severely wounded.
The adder bites you.
* * * LOW HITPOINT WARNING * * *
The adder bites you but does no damage.
You hit the adder but do no damage. You kick the adder, but do no damage.
The adder is severely wounded.
The adder closely misses you. The worm bites you.
* * * LOW HITPOINT WARNING * * *
You barely miss the adder.
The adder is severely wounded.
* * * LOW HITPOINT WARNING * * *
You feel sick. The adder bites you but does no damage. The adder bites you.
You die...

#.#....#....###########.#
#........................
###.####.#..#.###.######.
#.........#+# #.
#.#.#.####.... ##
#........+.... #
##.##.#### ..= #
#.....####.... #
#..##.@S...... #.
#w####.... # #.# . #..
... .... # +.... # #.....
#### ....


You could see a worm and an adder.

Vanquished Creatures
  An ooze (D:2)
  A worm (D:2)
  2 dart slugs (D:2)
  A ball python (D:2)
  A giant cockroach (D:2)
  4 hobgoblins
  3 bats
  4 goblins
  A kobold (D:2)
  4 rats
22 creatures vanquished.

Notes
Turn   | Place    | Note
-------+----------+-------------------------------------------
     0 | D:1      | darkhara the Centaur Skald began the quest for the Orb.
     0 | D:1      | Reached XP level 1. HP: 17/17 MP: 3/3
   183 | D:2      | Reached XP level 2. HP: 20/24 MP: 4/4
   199 | D:2      | Reached skill level 3 in Charms
   607 | D:2      | Reached XP level 3. HP: 8/29 MP: 3/5
   780 | D:2      | HP: 1/29 [poisoned by an adder]
   780 | D:2      | Slain by an adder

Skill      XL: |  1  2 |
---------------+-------+-----
Long Blades    | 2 |  2.2
Charms         | 3 |  3.1
Fighting       | |  2.2
Armour         | |  0.8
Dodging        | |  1.3
Spellcasting   | |  1.8

Action                   || total
-------------------------++-------
Melee: Falchion          ||    63
       Kick              ||    16
 Cast: Infusion          ||     3
  Use: Potion            ||     1
Armor: Leather armour    ||    29
Dodge: Dodged            ||    39
       Rpst.: Falchion   ||    11
